 Seeded DCSS version 0.31-a0-214-gb37851dbb3 (webtiles) character file.

Game seed: 17612545735370830489 (custom seed)

114 innerfire43 the Trooper (level 4, -6/37 HPs)
             Began as a Demonspawn Monk on July 1, 2023.
             Mangled by a gnoll
             ... wielding a +0 halberd
              (10 damage)
             ... on level 3 of the Dungeon.
             The game lasted 00:04:01 (1527 turns).

innerfire43 the Trooper (Demonspawn Monk)           Turns: 1527, Time: 00:04:01

Health: -6/37      AC:  7    Str: 10 (13) XL:     4   Next: 67%
Magic:  4/4        EV:  6    Int: 12 (13) God:
Gold:   155        SH: 21    Dex: 13 (16) Spells: 3/3 levels left

rFire   . . .        p - +2 dagger (drain)
rCold   . . .        h - +10 tower shield of Ignorance {rN+ Int-4}
rNeg    + + .        j - +2 leather armour of Impatience {rN+ Stlth+}
rPois   .            q - +0 helmet
rElec   .            o - +2 cloak
rCorr   .            (no gloves)
SInv    .            (no boots)
Will    .....        (no amulet)
Stlth   ++           f - +6 ring of intelligence
HPRegen 0.26/turn    (no ring)
MPRegen 0.09/turn

%: no passive effects
@: mighty, brilliant
A: powered by pain 1, weakness stinger 1, deformed body, sense surroundings 1
a: no special abilities


You were on level 3 of the Dungeon.
You visited 1 branch of the dungeon, and saw 3 of its levels.

You collected 1071 gold pieces.
You spent 916 gold pieces at shops.

Inventory:

Hand Weapons
 a - a +0 spear
 l - a +1 short sword of protection
 n - a +4 quarterstaff of chaos
 p - a +2 dagger of draining (weapon)
Armour
 d - an orb of light
 h - the +10 tower shield of Ignorance (worn) {rN+ Int-4}
   (You bought it in a shop on level 1 of the Dungeon)

   Int:       It affects your intelligence (-4).
   rN:        It protects you from negative energy.
 j - the +2 leather armour of Impatience (worn) {rN+ Stlth+}
   (You bought it in a shop on level 1 of the Dungeon)

   rN:        It protects you from negative energy.
   Stlth:     It makes you more stealthy.
 o - a +2 cloak (worn)
 q - a +0 helmet (worn)
Jewellery
 c - a ring of see invisible
 f - a +6 ring of intelligence (left hand)
Scrolls
 b - a scroll of fear {unknown}
 g - a scroll of revelation {unknown}
 i - a scroll of brand weapon {unknown}
 k - a scroll of torment {unknown}
 r - a scroll of butterflies {unknown}
Potions
 e - a potion of brilliance


   Skills:
 + Level 3.7 Fighting
 * Level 0.3 Short Blades
 - Level 3.6 Polearms
 * Level 0.2(2.2) Staves
 - Level 3.0 Dodging
 * Level 1.8 Shields


You had 3 spell levels left.
You didn't know any spells.
Your spell library contained the following spells:

 Spells                   Type           Power      Damage    Failure   Level
 Slow                     Hex            0%         N/A       100%        1
 Confusing Touch          Hex            0%         N/A       100%        3
 Vampiric Draining        Necr           0%         2d6       100%        3
 Volatile Blastmotes      Fire/Tloc      0%         2d10      100%        3
 Fulminant Prism          Conj/Hex       0%         3d5       100%        4
 Iskenderun's Mystic Bla  Conj/Tloc      0%         2d3       100%        4
 Lee's Rapid Deconstruct  Erth           0%         3d4*      100%        5


Dungeon Overview and Level Annotations

Branches:
Dungeon (3/15)

Altars:

Shops:
D:1 ([??


Innate Abilities, Weirdness & Mutations

You sometimes gain a little power by taking damage.
You have a small tail.
Armour fits poorly on your strangely shaped body.
You passively map a small area around you.


Message History

You block the adder's attack. You block the gnoll's attack.
You block the worm's attack. The adder bites you but does no damage.
The gnoll closely misses you. The gnoll barely misses you.
There are monsters nearby!
The gnoll shouts!
You hit the adder. You drain the adder.
You kill the adder!
You block the gnoll's attack. x2; The worm bites you!
You focus on the pain.
You feel very mighty all of a sudden.
You hit the worm.
The worm is lightly wounded.
You block the gnoll's attack. x3; The worm bites you!
You puncture the worm!
The worm is heavily wounded.
You block the gnoll's attack. x3; The gnoll barely misses you.
You block the gnoll's attack.
The gnoll hits you from afar with a +0 halberd.
You hit the worm. You drain the worm.
You kill the worm!
You block the gnoll's attack.
You hit the gnoll.
The gnoll is heavily wounded.
You block the gnoll's attack.
The gnoll hits you from afar with a +0 halberd!
* * * LOW HITPOINT WARNING * * *
You block the gnoll's attack. The gnoll barely misses you.
The gnoll hits you with a +0 whip.
* * * LOW HITPOINT WARNING * * *
It was a potion of brilliance.
You feel clever all of a sudden.
You block the gnoll's attack. x2; The gnoll barely misses you.
It was a potion of degeneration.
There was something very wrong with that liquid.
You feel weakened.
You feel dopey.
You feel clumsy.
You block the gnoll's attack. x2; The gnoll barely misses you.
You hit the gnoll. You drain the gnoll.
The gnoll is severely wounded.
You block the gnoll's attack. x2
The gnoll hits you from afar with a +0 halberd!
You die...

, , ##.... * *
.....P ..PP♣♣
#...PP. ..=PP._
*.....♣P,
########g..PPPP
,
#.....@ggr....P
#....###g$.....
#....# .....#.
#....## .......
########
##....#*#.....#,
, .......#
#....# *.....#
######.# #....#*
.....#* .# #.##
#....# ...... .#
#..####....#


You could see 4 gnolls and a quokka.

Vanquished Creatures
  Crazy Yiuf (D:2)
  Robin (D:2)
  An adder (D:3)
  A worm (D:3)
  2 dart slugs (D:2)
  2 bats
  2 endoplasms (D:2)
  3 giant cockroaches (D:2)
  14 goblins
  4 hobgoblins
  A quokka (D:3)
  2 ball pythons (D:2)
  2 frilled lizards
  12 kobolds
  5 rats
53 creatures vanquished.

Notes
Turn   | Place    | Note
-------+----------+-------------------------------------------
     0 | D:1      | innerfire43 the Demonspawn Monk began the quest for the
                  | Orb.
     0 | D:1      | Reached XP level 1. HP: 18/18 MP: 1/1
    26 | D:1      | Found Wezuit Hoju's Antique Weapon Shoppe.
    61 | D:1      | Found Apnaij's Armour Emporium.
    95 | D:1      | Found Raxki's Magic Scroll Shop.
   150 | D:1      | Gained mutation: You sometimes gain a little power by
                  | taking damage. [demonic ancestry]
   150 | D:1      | Reached XP level 2. HP: 21/24 MP: 2/2
   245 | D:1      | Found Irownig's Magic Scroll Shoppe.
   380 | D:1      | Identified a scroll of acquirement
   380 | D:1      | Acquired 872 gold pieces
   453 | D:1      | Bought the +10 tower shield of Ignorance {rN+ Int-4} for
                  | 630 gold pieces
   453 | D:1      | Found the +10 tower shield of Ignorance {rN+ Int-4}
   453 | D:1      | Bought the +2 leather armour of Impatience {rN+ Stlth+} for
                  | 286 gold pieces
   775 | D:2      | Found a runed translucent door.
   776 | D:2      | Noticed Crazy Yiuf
   802 | D:2      | Noticed Robin
   812 | D:2      | Gained mutation: You have a small tail. [demonic ancestry]
   812 | D:2      | Reached XP level 3. HP: 29/29 MP: 3/3
   866 | D:2      | Killed Robin
   867 | D:2      | Reached skill level 1 in Shields
  1104 | D:2      | Reached XP level 4. HP: 35/35 MP: 4/4
  1216 | D:2      | Killed Crazy Yiuf
  1402 | D:2      | Gained mutation: Armour fits poorly on your strangely
                  | shaped body. [potion of mutation]
  1402 | D:2      | Gained mutation: You passively map a small area around you.
                  | [potion of mutation]
  1515 | D:3      | Found a faded altar of an unknown god.
  1527 | D:3      | Mangled by a gnoll

Illustrated notes

Levels and vault maps discovered:
D:1:      grunt_arrival_crossed_arrows, layout_rooms, serial_shops,
          nicolae_shop_tiny_real_fake_doors, shop, nicolae_shop_tiny_waterfront,
          shop_coins
D:2:      layout_loops_cross, uniq_crazy_yiuf_cottage, uniq_robin
D:3:      layout_basic, gammafunk_ghost_smash, dreamdust_ecumenical_altar_grove

Skill      XL: |  1  2  3 |
---------------+----------+-----
Dodging        | 3 |  3.0
Polearms       | 3 |  3.6
Shields        | 1 |  1.8
Fighting       | |  3.7
Short Blades   | |  0.3
Staves         | |  0.2

Action                     |  1- 3 |  4- 6 || total
---------------------------+-------+-------++-------
  Melee: Spear             |   168 |    16 ||   184
         Tailslap          |     9 |     2 ||    11
         Dagger            |       |    19 ||    19
    Use: Scroll            |     1 |     2 ||     3
         Potion            |     3 |     3 ||     6
   Stab: Sleeping          |     5 |     1 ||     6
 Armour: Robe              |     4 |       ||     4
         Leather armour    |    38 |     3 ||    41
  Dodge: Dodged            |    33 |     8 ||    41
  Block: Tower shield      |   199 |    50 ||   249

Table legend: (Time is in decaauts)
 A = Elapsed time spent in this place.
 B = Non-inter-level travel time spent in this place.
 C = Inter-level travel time spent in this place.
 D = Time resting spent in this place.
 E = Time spent auto-exploring this place.
 F = Levels seen in this place.
 G = Mean time per level.
                   A        B        C        D        E       F      G
               +--------+--------+--------+--------+--------+-----+--------+
         Total |   1605 |   1468 |    137 |      0 |    992 |   3 |  535.0 |
       Dungeon |   1605 |   1468 |    137 |      0 |    992 |   3 |  535.0 |
               +--------+--------+--------+--------+--------+-----+--------+

Top non-repeatable levels by time:
     D:2: 1010 daAuts
     D:1: 477 daAuts
     D:3: 116 daAuts
